 Dungeon Crawl Stone Soup version 0.31.0 (webtiles) character file.

Game seed: 6772913917186370757

40 monsoonserge the Trooper (level 3, -3/40 HPs)
             Began as an Oni Fighter on Jan 19, 2024.
             Slain by a gnoll
             ... wielding a +1 flail of holy wrath
              (10 damage)
             ... on level 3 of the Dungeon.
             The game lasted 00:03:56 (895 turns).

monsoonserge the Trooper (Oni Fighter)               Turns: 895, Time: 00:03:57

Health: -3/40      AC:  5    Str: 22    XL:     3   Next: 50%
Magic:  3/3        EV:  8    Int:  9    God:
Gold:   27         SH:  7    Dex:  8    Spells: 2/2 levels left

rFire   . . .        i - +0 morningstar
rCold   + . .        c - +0 kite shield
rNeg    . . .        f - +2 robe {rC+}
rPois   .            (helmet restricted)
rElec   .            (no cloak)
rCorr   .            (gloves unavailable)
SInv    .            (boots unavailable)
Will    .....        (no amulet)
Stlth   +            (no ring)
HPRegen 0.26/turn    (no ring)
MPRegen 0.08/turn

%: no passive effects
@: no status effects
A: large, unfitting armour, horns 1, tough skin 1, double potion healing,
drunken brawling
a: no special abilities


You were on level 3 of the Dungeon.
You visited 1 branch of the dungeon, and saw 3 of its levels.

You collected 27 gold pieces.

Inventory:

Hand Weapons
 a - a +0 flail
 i - a +0 morningstar (weapon)
Missiles
 h - 4 boomerangs (quivered)
Armour
 c - a +0 kite shield (worn)
 f - a +2 robe of cold resistance (worn)
Talismans
 e - a beast talisman
Scrolls
 g - a scroll of teleportation {unknown}
 l - a scroll of enchant armour {unknown}
Potions
 d - a potion of might
 j - a potion of degeneration {unknown}
 k - a potion of invisibility {unknown}


   Skills:
 + Level 4.4 Fighting
 * Level 2.6 Maces & Flails
 + Level 3.0 Dodging
 + Level 3.1 Shields


You had 2 spell levels left.
You didn't know any spells.
Your spell library contained the following spells:

 Spells                   Type           Power      Damage    Failure   Level
 Sandblast                Erth           0%         2d4       67%         1
 Passwall                 Erth           0%         N/A       95%         3
 Stone Arrow              Conj/Erth      0%         3d7       95%         3
 Brom's Barrelling Bould  Conj/Erth      0%         2d3       100%        4


Dungeon Overview and Level Annotations

Branches:
Dungeon (3/15)

Altars:

Annotations:
D:1 1 runed translucent door


Innate Abilities, Weirdness & Mutations

You are too large for most types of armour.
You have a pair of small horns on your head.
You have tough skin. (AC +1)
You gain doubled healing and magic from potions.
Whenever you drink a healing potion, you attack all around you.


Message History

The gnoll hits you with a +1 flail of holy wrath!
The gnoll barely misses you. The adder barely misses you.
You bump into the rock wall.
You feel sick.
The gnoll hits you with a +1 flail of holy wrath!
The gnoll barely misses you. The adder bites you.
You miss the adder. Your headbutt misses the adder.
The adder is lightly wounded.
You feel sick. The adder bites you. The gnoll hits you but does no damage.
The adder bites you.
The gnoll hits you with a +1 flail of holy wrath.
You closely miss the gnoll.
You feel less invigorated.
You feel less confused.
You feel sick.
You are no longer poisoned.
The gnoll hits you with a +0 flail.
The gnoll hits you from afar with a +0 spear.
The adder bites you but does no damage.
The gnoll hits you with a +1 flail of holy wrath.
The gnoll barely misses you. You block the gnoll's attack.
You block the adder's attack. You block the gnoll's attack.
The adder attacks as it pursues you! The adder bites you but does no damage.
The adder closely misses you.
There is a stone staircase leading down here.
The gnoll hits you with a +1 flail of holy wrath.
The gnoll hits you from afar with a +0 spear.
You block the adder's attack.
You climb downwards.
There is a stone staircase leading up here.
You barely miss the gnoll. Your headbutt misses the gnoll.
The gnoll is severely wounded.
The adder bites you but does no damage. The gnoll barely misses you.
The adder bites you.
You barely miss the gnoll.
The gnoll is severely wounded.
The gnoll hits you with a +1 flail of holy wrath!
* * * LOW HITPOINT WARNING * * *
The adder closely misses you.
The gnoll hits you with a +1 flail of holy wrath!
You die...

#.#
#####.....
#.@S......
#g######.#
#. #. #.
.. ##


You could see a gnoll and an adder.

Vanquished Creatures
  2 ribbon worms (D:2)
  4 dart slugs
  2 endoplasms (D:1)
  A giant cockroach (D:1)
  2 goblins (D:1)
  4 hobgoblins (D:1)
  2 quokkas
  3 ball pythons (D:1)
  A bat (D:1)
  4 frilled lizards
  2 rats
27 creatures vanquished.

Notes
Turn   | Place    | Note
-------+----------+-------------------------------------------
     0 | D:1      | monsoonserge the Oni Fighter began the quest for the Orb.
     0 | D:1      | Reached XP level 1. HP: 24/24 MP: 1/1
     1 | D:1      | Found a runed translucent door.
     1 | D:1      | Noticed a jelly
   138 | D:1      | Reached XP level 2. HP: 19/32 MP: 2/2
   352 | D:1      | Reached XP level 3. HP: 40/40 MP: 3/3
   354 | D:1      | Found a faded altar of an unknown god.
   895 | D:3      | Slain by a gnoll

Illustrated notes

Levels and vault maps discovered:
D:1:      dpeg_arrival_caged_fury, layout_rooms,
          shapermc_ecumenical_altar_mp_ritualfount
D:2:      layout_basic, kennysheep_cross_bottleneck, grunt_decor_fettered
D:3:      layout_loops_cross, mainiacjoe_overflow_boulevard,
          general_overflow_altar, serial_forest, infiniplex_forest_lined_room_3,
          infiniplex_forest_pool, infiniplex_forest_lined_3,
          infiniplex_forest_end_1, infiniplex_forest_end_2,
          infiniplex_forest_end_2, infiniplex_forest_side_room, uniq_terence,
          uniq_crazy_yiuf_cottage

Skill      XL: |  1  2  3 |
---------------+----------+-----
Shields        | 3 |  3.1
Dodging        | 3 |  3.0
Fighting       | |  4.4
Maces & Flails | |  2.6

Action                     || total
---------------------------++-------
  Melee: Flail             ||    56
         Headbutt          ||    16
         Morningstar       ||    21
    Use: Potion            ||     2
 Armour: Robe              ||    87
  Dodge: Dodged            ||    45
  Block: Kite shield       ||    42
